 Dungeon Crawl Stone Soup version 0.29-a0-364-g921d912d32 (webtiles) character file.

Game seed: 11172415193424763498

30 jlumianski the Skirmisher (level 3, 0/30 HPs)
             Began as a Demonspawn Fighter on Apr 30, 2022.
             Slain by Terence
             ... wielding a +0 short sword
              (3 damage)
             ... on level 2 of the Dungeon.
             The game lasted 00:05:34 (1051 turns).

jlumianski the Skirmisher (Demonspawn Fighter)      Turns: 1051, Time: 00:05:34

Health: 0/30       AC:  7    Str: 16    XL:     3   Next: 5%
Magic:  3/3        EV:  8    Int:  9    God:
Gold:   106        SH:  4    Dex: 12    Spells: 2/2 levels left

rFire   . . .      SeeInvis .   a - +0 war axe
rCold   + . .      Faith    .   c - +0 buckler
rNeg    . . .      Spirit   .   b - +0 scale mail
rPois   .          Reflect  .   o - +0 helmet
rElec   .          Harm     .   (no cloak)
rCorr   .          Rampage  .   (no gloves)
Will    .....                   (no boots)
Stlth   ..........              (no amulet)
HPRegen 0.10/turn               (no ring)
MPRegen 0.08/turn               (no ring)

@: mighty
A: hooves 1, cold resistance 1, weak 1
a: no special abilities


You were on level 2 of the Dungeon.
You visited 1 branch of the dungeon, and saw 2 of its levels.

You collected 106 gold pieces.

Inventory:

Hand Weapons
 a - a +0 war axe (weapon)
Missiles
 h - 6 poisoned darts (quivered)
 i - 11 stones
Armour
 b - a +0 scale mail (worn)
 c - a +0 buckler (worn)
 k - the +1 scale mail "Ygaasast" {Str-3 Dex+4 SInv Stlth+}
   (You found it on level 2 of the Dungeon)

   Str:       It affects your strength (-3).
   Dex:       It affects your dexterity (+4).
   SInv:      It lets you see invisible.
   Stlth:     It makes you more stealthy.
 o - a +0 helmet (worn)
Magical Staves
 j - a staff of cold
Potions
 f - a potion of haste
 l - a potion of mutation
 m - a potion of brilliance {unknown}
 n - a potion of flight {unknown}
 p - a potion of lignification {unknown}


   Skills:
 + Level 3.6 Fighting
 + Level 2.0 Axes
 + Level 2.9 Armour
 + Level 3.0 Shields


You had 2 spell levels left.
You didn't know any spells.
Your spell library contained the following spells:

 Spells                   Type           Power      Damage    Failure   Level
 Foxfire                  Conj/Fire      0%         2x1d4     88%         1
 Conjure Flame            Conj/Fire      0%         6-21      99%         3
 Inner Flame              Hex/Fire       0%         N/A       99%         3
 Flame Wave               Conj/Fire      0%         2d4       100%        4


Dungeon Overview and Level Annotations

Branches:
Dungeon (2/15)

Altars:

Annotations:
D:2 Terence


Innate Abilities, Weirdness & Mutations

You have large cloven feet.
Your flesh is cold resistant. (rC+)
You are weak. (Str -2)


Message History

You climb downwards.
There is a stone staircase leading up here.
Found a stone staircase leading down.
Terence the Incautious comes into view.
He is wielding a +0 short sword.
Terence shouts!
Terence drinks a potion.
Terence seems to speed up.
Terence shouts, "Now you die!"
You completely miss Terence. You block Terence's attack.
Terence closely misses you.
You hit Terence. You kick Terence, but do no damage.
Terence is lightly wounded.
Terence hits you with a +0 short sword. Terence hits you but does no damage.
You completely miss Terence.
Terence is lightly wounded.
Terence hits you with a +0 short sword. You block Terence's attack.
You hit Terence but do no damage. You kick Terence.
Terence is lightly wounded.
Terence barely misses you. Terence hits you with a +0 short sword.
You closely miss Terence.
Terence is lightly wounded.
Terence hits you but does no damage. Terence hits you with a +0 short sword.
You barely miss Terence. You kick Terence.
Terence is lightly wounded.
Terence barely misses you. Terence hits you with a +0 short sword.
You barely miss Terence. You kick Terence, but do no damage.
Terence is lightly wounded.
Terence looks scornfully at you. You block Terence's attack.
Terence hits you with a +0 short sword.
You completely miss Terence.
Terence is lightly wounded.
Terence hits you with a +0 short sword. Terence hits you but does no damage.
You feel very mighty all of a sudden.
Terence hits you with a +0 short sword. x2
* * * LOW HITPOINT WARNING * * *
You hit Terence. Your kick misses Terence.
Terence is moderately wounded.
Terence hits you with a +0 short sword.
* * * LOW HITPOINT WARNING * * *
Terence hits you with a +0 short sword.
You die...

#........#
###........##.........#
..#........##.........#
..#...................#
...#####.####.........#
...#......# #.........#
...#.###..# #.........#
..........# #.........#
..###.##.####...@@....#
..# #.##....#.........#
..# #.#####.#.........#
..###.##......>......##
####.....##....#######
#..#.....##.#
#..#...#....#
#.....####### ......#


You could see Terence (fast).

Vanquished Creatures
  An adder (D:2)
  2 dart slugs (D:1)
  An endoplasm (D:1)
  A giant cockroach (D:2)
  A goblin (D:1)
  2 hobgoblins (D:1)
  A quokka (D:1)
  A ball python (D:2)
  3 bats
  3 frilled lizards
  3 rats
19 creatures vanquished.

Notes
Turn   | Place    | Note
-------+----------+-------------------------------------------
     0 | D:1      | jlumianski the Demonspawn Fighter began the quest for the
                  | Orb.
     0 | D:1      | Reached XP level 1. HP: 18/18 MP: 1/1
   155 | D:2      | Identified the +1 scale mail "Ygaasast" {Str-3 Dex+4 SInv
                  | Stlth+}
   457 | D:1      | Gained mutation: You have large cloven feet. [demonic
                  | ancestry]
   457 | D:1      | Reached XP level 2. HP: 24/24 MP: 2/2
   843 | D:1      | Reached XP level 3. HP: 27/30 MP: 3/3
  1009 | D:1      | Gained mutation: You are weak. (Str -2) [potion of
                  | mutation]
  1009 | D:1      | Gained mutation: Your flesh is cold resistant. (rC+)
                  | [potion of mutation]
  1038 | D:2      | Noticed Terence
  1051 | D:2      | Slain by Terence

Illustrated notes

Levels and vault maps discovered:
D:1:      dpeg_chamrin_arrival_tetris, layout_rooms, minmay_misc_feat_square
D:2:      kb_forest_paths, layout_basic, kennysheep_generic_room_14,
          uniq_terence

Skill      XL: |  1  2  3 |
---------------+----------+-----
Shields        | 3 |  3.0
Axes           | 2 |  2.0
Fighting       | |  3.6
Armour         | |  2.9

Action                   || total
-------------------------++-------
Melee: War axe           ||    58
       Kick              ||     8
  Use: Potion            ||     3
       Scroll            ||     2
Armor: Scale mail        ||    38
Dodge: Dodged            ||    27
Block: Buckler           ||    14

Table legend: (Time is in decaauts)
 A = Elapsed time spent in this place.
 B = Non-inter-level travel time spent in this place.
 C = Inter-level travel time spent in this place.
 D = Time resting spent in this place.
 E = Time spent auto-exploring this place.
 F = Levels seen in this place.
 G = Mean time per level.
                   A        B        C        D        E       F      G
               +--------+--------+--------+--------+--------+-----+--------+
         Total |   1079 |   1079 |      0 |      0 |    521 |   2 |  539.5 |
       Dungeon |   1079 |   1079 |      0 |      0 |    521 |   2 |  539.5 |
               +--------+--------+--------+--------+--------+-----+--------+

Top non-repeatable levels by time:
     D:1: 868 daAuts
     D:2: 211 daAuts
